 Dungeon Crawl Stone Soup version 0.28.0 (webtiles) character file.

Game seed: 14046516229067234177

157 inmateoo the Conjurer (level 5, 0/38 HPs)
             Began as a Barachi Conjurer on Feb 14, 2022.
             Succumbed to Crazy Yiuf's poison
             ... on level 3 of the Dungeon.
             The game lasted 00:04:46 (3387 turns).

inmateoo the Conjurer (Barachi Conjurer)            Turns: 3387, Time: 00:04:46

Health: 0/38       AC:  4    Str:  9    XL:     5   Next: 38%
Magic:  0/9        EV: 12    Int: 20    God:
Gold:   170        SH:  0    Dex: 10    Spells: 4/10 levels left

rFire   . . .      SeeInvis .   i - +2 dagger (venom)
rCold   . . .      Faith    .   (no shield)
rNeg    . . .      Spirit   .   a - +0 robe
rPois   .          Reflect  .   o - +0 helmet
rElec   .          Harm     .   (no cloak)
rCorr   .          Rampage  .   m - +0 pair of gloves
Will    .....                   (no boots)
Stlth   ++........              c - amulet of regeneration
HPRegen 0.92/turn               (no ring)
MPRegen 0.11/turn               (no ring)

@: lethally poisoned (0 -> -13), unable to hop, slow
A: amphibious, slowness 1, strong legs 1, +LOS
a: Hop


You were on level 3 of the Dungeon.
You visited 1 branch of the dungeon, and saw 4 of its levels.

You collected 192 gold pieces.
You spent 22 gold pieces at shops.

Inventory:

Hand Weapons
 i - a +2 dagger of venom (weapon)
Armour
 a - a +0 robe (worn)
 m - a +0 pair of gloves (worn)
 o - a +0 helmet (worn)
Jewellery
 c - an amulet of regeneration (around neck)
Scrolls
 b - 4 scrolls of noise {unknown}
 d - 2 scrolls of teleportation {unknown}
 e - a scroll of enchant armour {unknown}
 j - a scroll of blinking {unknown}
 k - a scroll of fog {unknown}
 p - a scroll of summoning {unknown}
Potions
 f - a potion of resistance
 g - a potion of flight
 h - a potion of curing
 l - 2 potions of lignification {unknown}


   Skills:
 * Level 2.1 Fighting
 + Level 0.8 Short Blades
 + Level 2.7 Dodging
 - Level 2.0 Stealth
 * Level 2.4 Unarmed Combat
 + Level 3.3 Spellcasting
 - Level 5.0 Conjurations


You had 4 spell levels left.
You knew the following spells:

 Your Spells              Type           Power      Damage    Failure   Level
a - Magic Dart            Conj           92%        1d7       1%          1
b - Searing Ray           Conj           46%        2d6       2%          2
c - Dazzling Flash        Conj/Hex       26%        N/A       16%         3

Your spell library contained the following spells:

 Spells                   Type           Power      Damage    Failure   Level
 Ensorcelled Hibernation  Hex/Ice        6%         N/A       22%         2
 Confusing Touch          Hex            3%         N/A       38%         3
 Spider Form              Tmut/Pois      3%         N/A       38%         3
 Fulminant Prism          Conj/Hex       6%         3d7       45%         4
 Iskenderun's Mystic Bla  Conj/Tloc      13%        2d5       45%         4
 Anguish                  Hex/Necr       1%         N/A       80%         4
 Yara's Violent Unravell  Hex/Tmut       1%         3d3       98%         5
 Enfeeble                 Hex            1%         N/A       100%        7


Dungeon Overview and Level Annotations

Branches:
Dungeon (4/15)
 Temple: D:4-7

Altars:

Shops:
D:1 [   D:2 [   D:4 :?(

Annotations:
D:3 Crazy Yiuf


Innate Abilities, Weirdness & Mutations

You are amphibious.
You cover ground slowly.
You can hop short distances.
You have an extended range of vision and can be seen from far away.


Message History

Okay, then.
Press: ? - help, v - describe, . - travel, g - get item
Here: Crazy Yiuf, wielding a +4 quarterstaff of chaos and wearing a +0 cloak (fire blocked by a runed translucent door) Item here: a mace.
The floor.
Unknown command.
You open the door.
Casting: Magic Dart (safe; 1% risk of failure)
Confirm with . or Enter, or press ? or * to list all spells.
Aiming: Searing Ray (safe; 2% risk of failure)
Press: ? - help, Shift-Dir - straight line, f - Crazy Yiuf
Aim: Crazy Yiuf, wielding a +4 quarterstaff of chaos and wearing a +0 cloak (81% to hit)
The searing ray misses Crazy Yiuf. (Press . to maintain the ray.) Crazy Yiuf hits you with a +4 quarterstaff of chaos!
You feel your power leaking away.
Without enough magic to sustain it, your searing ray dissipates.
Crazy Yiuf drinks a potion.
Crazy Yiuf suddenly seems more resistant.
Unknown command.
You aren't carrying any items that you can evoke.
Unknown command.
Okay, then.
You hit Crazy Yiuf.
Crazy Yiuf is poisoned.
Crazy Yiuf is lightly wounded.
Crazy Yiuf hits you with a +4 quarterstaff of chaos!
Crazy Yiuf burns you.
You hit Crazy Yiuf but do no damage.
Crazy Yiuf is lightly wounded.
Crazy Yiuf laughs, "Two foot hog!"
Crazy Yiuf hits you but does no damage.
You hit Crazy Yiuf.
Crazy Yiuf looks as sick as possible!
Crazy Yiuf is lightly wounded.
Crazy Yiuf hits you with a +4 quarterstaff of chaos!
* * * LOW HITPOINT WARNING * * *
You are lethally poisoned!
Hop to where?
Press: ? - help, Dir - move target, p - Crazy Yiuf Boing!
You die...

##.##
###.##.###.#
#.### #.#
#..........#
#.... #.#
#.##...#####
##### #+
##..## ### #
#....#
##.###
♣....♣
####...>÷
♣)..♣♣
#........
♣♣)♣♣
##.###....
♣@♣♣
#.........
♣♣)♣
##.###....
♣)♣♣
#.##..#..
♣♣○♣
#.##.###.
#g# #.##.#
#. )))
#.##.###.
#)))#
#........
#).)#
###......
#####
#..####


You could see Crazy Yiuf (resistant, extremely poisoned).

Vanquished Creatures
  Jessica (D:3)
  An iguana (D:4)
  Robin (D:3)
  3 adders (D:2)
  A dart slug (D:2)
  A worm (D:3)
  6 ball pythons
  6 endoplasms
  3 giant cockroaches
  14 goblins
  8 hobgoblins
  5 kobolds
  4 bats
  A frilled lizard (D:2)
  6 rats
61 creatures vanquished.

Notes
Turn   | Place    | Note
-------+----------+-------------------------------------------
     0 | D:1      | inmateoo the Barachi Conjurer began the quest for the Orb.
     0 | D:1      | Reached XP level 1. HP: 13/13 MP: 3/3
   147 | D:1      | Found Lerph's Armour Boutique.
   237 | D:1      | Reached XP level 2. HP: 19/19 MP: 0/5
   565 | D:1      | Learned a level 2 spell: Searing Ray
   824 | D:2      | Reached XP level 3. HP: 24/24 MP: 4/6
   831 | D:2      | You fall into a shaft and drop 2 floors!
   831 | D:4      | Found Odirphiff's Book Boutique.
   899 | D:4      | Found Qextoilu's Magic Scroll Shop.
   909 | D:4      | Bought a scroll of identify for 22 gold pieces
   928 | D:4      | Reached skill level 1 in Fighting
   928 | D:4      | Reached skill level 1 in Unarmed Combat
   928 | D:4      | Reached skill level 5 in Conjurations
  1143 | D:4      | Found Lubresh's Antique Weapon Emporium.
  1146 | D:4      | Noticed a phantom
  1629 | D:3      | Reached XP level 4. HP: 32/32 MP: 5/8
  2048 | D:3      | Learned a level 3 spell: Dazzling Flash
  2352 | D:2      | Found Sueru's Armour Boutique.
  2434 | D:2      | Found a faded altar of an unknown god.
  2747 | D:3      | Noticed Robin
  2957 | D:3      | Noticed Jessica
  2961 | D:3      | Killed Jessica
  2962 | D:3      | Reached XP level 5. HP: 23/38 MP: 3/9
  3031 | D:3      | Killed Robin
  3376 | D:3      | Found a runed translucent door.
  3377 | D:3      | Noticed Crazy Yiuf
  3387 | D:3      | Succumbed to Crazy Yiuf's poison

Illustrated notes

Levels and vault maps discovered:
D:1:      roderic_dead_forest, layout_basic, serial_shops, shop,
          chequers_serial_rivers_small_3, corexii_hall_statues_t
D:2:      layout_loops_ring, chequers_ecumenical_altar_simple_redux,
          serial_shops, shop, chequers_garden, minmay_distorted
D:3:      layout_loops_corners, minmay_close_crescents, uniq_jessica,
          uniq_pargi, uniq_crazy_yiuf_cottage, uniq_robin
D:4:      layout_basic, serial_shops, shop_scrolls, kennysheep_mini,
          shop_fountains, nicolae_shop_crystal, hellmonk_ghost_happy_afterlife,
          ebering_dispersal_statue_hall, minmay_misc_feat_four_crosses

Skill      XL: |  1  2  3  4 |
---------------+-------------+-----
Fighting       | 1 2 |  2.1
Unarmed Combat | 1 2 |  2.4
Conjurations   | 5 |  5.0
Stealth        | 2 |  2.0
Spellcasting   | 3 |  3.3
Short Blades   | |  0.8
Dodging        | |  2.7

Action                   |  1- 3 |  4- 6 || total
-------------------------+-------+-------++-------
Melee: Short sword       |     2 |       ||     2
       Dagger            |    14 |    31 ||    45
 Cast: Magic Dart        |    43 |    45 ||    88
       Searing Ray       |     3 |     3 ||     6
 Abil: Hop               |     3 |     1 ||     4
  Use: Scroll            |     1 |     2 ||     3
 Stab: Sleeping          |       |     2 ||     2
Armor: Robe              |     2 |     5 ||     7
Dodge: Dodged            |    11 |    12 ||    23
